 Dungeon Crawl Stone Soup version 0.26-a0-259-g1effd001a9 (webtiles) character file.

Game seed: 16464093047956220717

87 bmfx the Grave Robber (level 4, 0/30 HPs)
             Began as a Human Necromancer on July 22, 2020.
             Killed from afar by a white imp (10 damage)
             ... with a puff of frost
             ... on level 2 of the Dungeon.
             The game lasted 00:05:40 (3003 turns).

bmfx the Grave Robber (Human Necromancer)           Turns: 3003, Time: 00:05:41

Health: 0/30       AC:  8    Str:  8    XL:     4   Next: 80%
Magic:  8/8        EV: 12    Int: 17    God:
Gold:   31         SH:  5    Dex: 13    Spells: 5/9 levels left

rFire    . . .     SeeInvis .   c - +0 dagger
rCold    . . .     Faith    .   (no shield)
rNeg     . . .     Spirit   .   a - +0 robe
rPois    .         Reflect  +   b - +2 helmet
rElec    .         Harm     .   d - +0 cloak
rCorr    .                      (no gloves)
MR       .....                  i - +1 pair of boots
Stlth    ++........             f - amulet of reflection
HPRegen  0.10/turn              (no ring)
MPRegen  0.11/turn              (no ring)

@: no status effects
A: no striking features
a: no special abilities


You were on level 2 of the Dungeon.
You were not hungry.

You visited 1 branch of the dungeon, and saw 2 of its levels.

You collected 31 gold pieces.

Dungeon Overview and Level Annotations

Branches:
Dungeon (2/15)

Altars:

Annotations:
D:2 exclusions: adder, dart slug and rat


   Skills:
 - Level 2.0 Dodging
 - Level 2.0 Stealth
 - Level 3.0 Spellcasting
 + Level 5.2 Necromancy


You had 5 spell levels left.
You knew the following spells:

 Your Spells              Type           Power        Failure   Level
A - Pain                  Necr           ###.         1%          1
B - Vampiric Draining     Necr           ###.......   6%          3

Your spell library contained the following spells:

 Spells                   Type           Power        Failure   Level
 Animate Skeleton         Necr           ###...       1%          1
 Animate Dead             Necr           ###.......   21%         4
 Agony                    Necr           ###.....     50%         5

Action                   |  1- 3 |  4- 6 || total
-------------------------+-------+-------++-------
Melee: Dagger            |     1 |     7 ||     8
 Cast: Pain              |    74 |    59 ||   133
  Use: Scroll            |       |     4 ||     4
  Eat: Ration            |     1 |     1 ||     2
Armor: Robe              |     6 |     3 ||     9
Dodge: Dodged            |     9 |    10 ||    19
Block: Other             |       |     1 ||     1
       Reflection        |       |     1 ||     1

Skill      XL: |  1  2  3  4 |
---------------+-------------+-----
Spellcasting   | 3 |  3.0
Necromancy     | 5 |  5.2
Dodging        | |  2.0
Stealth        | |  2.0

Inventory:

Hand Weapons
 c - a +0 dagger (weapon)
Armour
 a - a +0 robe (worn)
 b - a +2 helmet (worn)
 d - a +0 cloak (worn)
 i - a +1 pair of boots (worn)
Jewellery
 f - an amulet of reflection (around neck)
Scrolls
 h - a scroll of identify {@r3}
Potions
 e - a potion of flight

....# #.# #..# #..###.÷...
†...###.####..# #..##.#[....
......#....##..## #..##....#...
##.##.......##..h #g.##..#......
##.####......##..##..##...##.....
##.###........##..w.##...#.......
..........#....##5.##......##....
.............#)...##.....####>...
#........#..#..†@##.....## ###.#
#........#......####...### #.#
##.###...#....#.####.....######..
(..#.........##..................
.#.#........#########...........#
.#.#.....[..# ###.......#..
##.#.......## #).........
##..)......## #.(........
..#....>....######### #.....##...


You could see a worm, a white imp and a goblin.

Vanquished Creatures
  An adder (D:2)
  6 worms
  A dart slug (D:2)
  A leopard gecko (D:1)
  8 bats
  A giant cockroach (D:2)
  6 goblins
  9 hobgoblins
  7 jackals
  4 kobolds (D:1)
  A ball python (D:2)
  4 frilled lizards
  6 rats
55 creatures vanquished.

Levels and vault maps discovered:
D:1:      lightli_arrival_lavapool, layout_basic, minmay_misc_feat_plants
D:2:      minmay_alternating_diamond, layout_rooms, fedhas_altar_1


Message History

The puff of frost hits you!
* * * LOW HITPOINT WARNING * * *
You hit the white imp.
The white imp is moderately wounded.
The white imp gestures at you.
The puff of frost reflects off an invisible shield around you!
The puff of frost hits the white imp.
The white imp completely resists.
You closely miss the white imp.
The white imp is moderately wounded.
The goblin shouts!
The white imp closely misses you.
You barely miss the white imp.
The white imp is moderately wounded.
The white imp hits you but does no damage.
You barely miss the white imp.
The white imp is moderately wounded.
The white imp hits you but does no damage.
The white imp gestures at you. The puff of frost hits you!
You die...

Notes
Turn   | Place    | Note
-------+----------+-------------------------------------------
     0 | D:1      | bmfx the Human Necromancer began the quest for the Orb.
     0 | D:1      | Reached XP level 1. HP: 13/13 MP: 3/3
   396 | D:1      | Reached XP level 2. HP: 18/19 MP: 1/5
   870 | D:1      | Reached XP level 3. HP: 17/24 MP: 0/6
   930 | D:1      | Learned a level 3 spell: Vampiric Draining
  1962 | D:1      | Reached XP level 4. HP: 21/30 MP: 0/8
  2451 | D:2      | Reached skill level 5 in Necromancy
  3003 | D:2      | Killed from afar by a white imp
